 Dungeon Crawl Stone Soup version 0.27-a0-223-ge082b6e869 (webtiles) character file.

Game seed: 13193526462502169045

10 rebelwolf the Ducker (level 2, -2/27 HPs)
             Began as a Deep Dwarf Monk on Feb 2, 2021.
             Slain by an orc
             ... wielding a +0 war axe
              (11 damage)
             ... on level 2 of the Dungeon.
             The game lasted 00:02:40 (2651 turns).

rebelwolf the Ducker (Deep Dwarf Monk)              Turns: 2651, Time: 00:02:41

Health: -2/27      AC:  2    Str: 14    XL:     2   Next: 10%
Magic:  2/2        EV: 14    Int: 10    God:
Gold:   34         SH:  0    Dex: 15    Spells: 1/1 levels left

rFire    . . .     SeeInvis .   a - +1 spear
rCold    . . .     Faith    .   (no shield)
rNeg     . . .     Spirit   .   b - +0 robe
rPois    .         Reflect  .   (no helmet)
rElec    .         Harm     .   (no cloak)
rCorr    .         Rampage  .   (no gloves)
Will     .....                  (no boots)
Stlth    ++........             (no amulet)
HPRegen  0.00/turn              (no ring)
MPRegen  0.08/turn              (no ring)

@: non-regenerating
A: damage resistance, heal wounds, sense surroundings 1, no regeneration
a: Heal Wounds


You were on level 2 of the Dungeon.
You visited 1 branch of the dungeon, and saw 2 of its levels.

You collected 34 gold pieces.

Inventory:

Hand Weapons
 a - a +1 spear (weapon)
Missiles
 c - 6 boomerangs
Armour
 b - a +0 robe (worn)
Scrolls
 e - a scroll of remove curse
Potions
 d - a potion of curing
 f - a potion of flight {unknown}


   Skills:
 + Level 2.8 Fighting
 + Level 2.9 Polearms
 + Level 3.5 Dodging
 + Level 2.5 Stealth


You had one spell level left.
You didn't know any spells.
Your spell library was empty.

Dungeon Overview and Level Annotations

Branches:
Dungeon (2/15)

Altars:


Innate Abilities, Weirdness & Mutations

You are resistant to damage.
You can heal yourself by infusing magical energy.
You passively map a small area around you.
You do not regenerate.


Message History

An orc comes into view. It is wielding a +0 club.
An orc comes into view. It is wielding a +0 hand axe.
A frilled lizard comes into view.
Found a potion of curing.
The orc warrior completely misses you.
A rat comes into view.
Found a scroll of identify.
Okay, then.
You hit the orc warrior.
The orc warrior is lightly wounded.
The gnoll shouts!
You hear a shout! x2
A hobgoblin comes into view. It is wielding a +0 club.
The orc closely misses you.
The orc warrior hits you with a +0 flail!!
Ouch! That really hurt!
A hobgoblin comes into view.
You barely miss the orc warrior.
The orc warrior is lightly wounded.
The orc barely misses you. The orc hits you with a +0 war axe!
You die...

....<..<.........###
* ..#####....(.....#
** #.g
*##..........# #g.
#..........##
#..#...........#
*#.#...........#
##?............#
#..............#
*#.##.@.........# *
......ooo.......##
.....!lo.......##
,!........#######
..$....... , ,
...r....?..,, , ,
........g.. , * , ,
........g.?. , ,


You could see an orc warrior, 2 gnolls, 3 orcs, 2 hobgoblins, a frilled lizard
and a rat.

Vanquished Creatures
  A ball python (D:1)
  A giant cockroach (D:1)
  2 hobgoblins (D:1)
  A kobold (D:1)
  A bat (D:2)
  A frilled lizard (D:1)
  A goblin (D:1)
  2 rats
10 creatures vanquished.

Notes
Turn   | Place    | Note
-------+----------+-------------------------------------------
     0 | D:1      | rebelwolf the Deep Dwarf Monk began the quest for the Orb.
     0 | D:1      | Reached XP level 1. HP: 20/20 MP: 1/1
   254 | D:1      | Reached XP level 2. HP: 18/27 MP: 2/2
  2646 | D:2      | Noticed an orc warrior
  2651 | D:2      | Slain by an orc

Illustrated notes

Levels and vault maps discovered:
D:1:      amcnicky_arrival_wind_blow, layout_basic
D:2:      lemuel_upstairs_altar, layout_rooms, minmay_close_crescents

Action                   || total
-------------------------++-------
Melee: Spear             ||    25
 Abil: Heal Wounds       ||     1
  Use: Scroll            ||     4
Armor: Robe              ||     5
Dodge: Dodged            ||    17

Table legend: (Time is in decaauts)
 A = Elapsed time spent in this place.
 B = Non-inter-level travel time spent in this place.
 C = Inter-level travel time spent in this place.
 D = Time resting spent in this place.
 E = Time spent auto-exploring this place.
 F = Levels seen in this place.
 G = Mean time per level.
                   A        B        C        D        E       F      G
               +--------+--------+--------+--------+--------+-----+--------+
         Total |   2649 |   2618 |     31 |   2000 |    392 |   2 | 1324.5 |
       Dungeon |   2649 |   2618 |     31 |   2000 |    392 |   2 | 1324.5 |
               +--------+--------+--------+--------+--------+-----+--------+

Top non-repeatable levels by time:
     D:1: 2603 daAuts
     D:2: 46 daAuts
